 Dungeon Crawl Stone Soup version 0.17-a0-1596-g1e86911 (webtiles) character file.

1990 mrath the Digger (level 9, -1/80 HPs)
             Began as a Troll Earth Elementalist on July 31, 2015.
             Was an Initiate of Vehumet.
             Slain by an orc warrior
             ... wielding a +0 halberd
              (25 damage)
             ... on level 7 of the Dungeon.
             The game lasted 01:08:38 (8416 turns).

mrath the Digger (Troll Earth Elementalist)         Turns: 8416, Time: 01:08:39

Health: -1/80      AC:  7    Str: 18    XL:     9   Next: 1%
Magic:  8/14       EV: 19    Int: 14    God:    Vehumet [......]
Gold:   388        SH:  0    Dex: 17    Spells: 4 memorised, 7 levels left

rFire  . . .     SeeInvis .       - Unarmed
rCold  . . .     Clarity  .     (armour currently unavailable)
rNeg   . . .     SustAt   .     (shield currently unavailable)
rPois  x         Gourm    +     (helmet currently unavailable)
rElec  .         Spirit   .     (cloak currently unavailable)
rCorr  .         Warding  .     (gloves unavailable)
rMut   .         Stasis   .     (boots unavailable)
MR     .....                    (no amulet)
Stlth  ++........               z - +2 ring of dexterity
                                q - +5 ring of protection

@: spider-form, not resistant to hostile enchantments, unstealthy
A: unfitting armour, (claws 0), fast metabolism 3, gourmand, regeneration 2,
(shaggy fur 0), (tough skin 0)
a: End Transformation, Renounce Religion


You were on level 7 of the Dungeon.
You worshipped Vehumet.
Vehumet was noncommittal.
You were very full.
You were a venomous arachnid creature.
You visited 2 branches of the dungeon, and saw 8 of its levels.

You collected 448 gold pieces.
You spent 60 gold pieces at shops.

Inventory:

Hand weapons
 p - a cursed -1 flail (melded)
 s - a +4 rapier of venom
 u - a cursed -1 hand crossbow
Missiles
 a - 303 stones
 o - 15 javelins (quivered)
 y - 24 sling bullets
Armour
 b - a +1 robe (melded)
 t - a +0 cloak (melded)
Jewellery
 e - an uncursed amulet of faith {unknown}
 l - an uncursed ring of protection from fire {unknown}
 q - a +5 ring of protection (left front leg)
 r - an uncursed ring of stealth
 z - a +2 ring of dexterity (right front leg)
Scrolls
 h - 2 scrolls of blinking {unknown}
 j - a scroll of teleportation
 C - a scroll of magic mapping
Potions
 f - 2 potions of resistance {unknown}
 g - a potion of cancellation {unknown}
 i - a potion of agility {unknown}
 k - 2 potions of heal wounds
 m - 5 potions of curing
 n - a potion of lignification
 v - a potion of poison {unknown}
 w - a potion of ambrosia {unknown}
 x - 2 potions of brilliance {unknown}
Books
 c - a book of Geomancy

   Spells                             Type                      Level
   a - Sandblast                      Earth                        1
   b - Stoneskin                      Transmutation/Earth          2
   c - Passwall                       Transmutation/Earth          3
   d - Stone Arrow                    Conjuration/Earth            3
   e - Petrify                        Transmutation/Earth          4
   f - Lee's Rapid Deconstruction     Earth                        5
 A - a book of Flames

   Spells                             Type                      Level
   a - Flame Tongue                   Conjuration/Fire             1
   b - Throw Flame                    Conjuration/Fire             2
   c - Conjure Flame                  Conjuration/Fire             3
   d - Inner Flame                    Hexes/Fire                   3
   e - Sticky Flame                   Conjuration/Fire             4
   f - Fireball                       Conjuration/Fire             5
 B - a book of Envenomations

   Spells                             Type                      Level
   a - Spider Form                    Transmutation/Poison         3
   b - Alistair's Intoxication        Transmutation/Poison         4
   c - Olgreb's Toxic Radiance        Poison                       4
   d - Poisonous Cloud                Conjuration/Poison/Air       6
Comestibles
 d - 3 bread rations
 D - 8 chunks of flesh
 E - 18 fruits


   Skills:
 + Level 2.8 Fighting
   Level 0.2 Staves
 + Level 1.9 Dodging
 - Level 1.1 Stealth
   Level 2.5 Shields
 + Level 3.6 Unarmed Combat
 * Level 4.4 Spellcasting
 + Level 2.7 Conjurations
 + Level 2.3 Transmutations
 + Level 4.9 Earth Magic
 + Level 0.4 Poison Magic


You had 7 spell levels left.
You knew the following spells:

 Your Spells              Type           Power        Failure   Level  Hunger
a - Sandblast             Erth           ###...       10%         1    None
b - Stoneskin             Trmt/Erth      ##......     24%         2    ##.....
c - Stone Arrow           Conj/Erth      ##....       32%         3    ###....
d - Spider Form           Trmt/Pois      #.........   52%         3    ###....


Dungeon Overview and Level Annotations

Branches:
Dungeon (7/15)             Temple (1/1) D:6

Altars:
Ashenzari
Cheibriados
Dithmenos
Elyvilon
Gozag
Kikubaaqudgha
Makhleb
Okawaru
Qazlal
Ru
Sif Muna
Trog
Vehumet
Xom
Yredelemnul
Zin

Shops:
D:6 *

Annotations:
D:5 Sigmund; karlkraus's ghost, experienced MiFi
D:6 Grinder


Innate Abilities, Weirdness & Mutations

You are too large for most types of armour.
((You have claws for hands.))
Your metabolism is lightning-fast.
You like to eat raw meat.
You heal very quickly.
((You are covered in fur (AC +1).))
((You have very tough skin (AC +2).))


Message History

The blast of sand hits the orc warrior.
The orc warrior is lightly wounded.
The orc warrior hits you with a halberd.
Casting: Sandblast
Confirm with . or Enter, or press ? or * to list all spells.
You turn into a venomous arachnid creature.
Your stony body turns to flesh.
Your cursed -1 flail melds into your body.
Your +0 cloak melds into your body.
Your +1 robe melds into your body.
The orc warrior hits you with a halberd!
* * * LOW HITPOINT WARNING * * *
An orc comes into view. It is wielding a flail.
You hit the orc warrior.
The orc warrior is poisoned.
The orc warrior is lightly wounded.
The orc warrior closely misses you.
You hit the orc warrior but do no damage.
The orc warrior looks even sicker.
The orc warrior is lightly wounded.
The orc warrior hits you with a halberd!!
You die...

#.
..#..#####.##############
# ####..# #.# ##..# #.#
..o# #.# ##..### #.# ...
#.# #.# #.# #.####.#
#.oos..# ######.# ###


You could see an orc warrior and an orc.

Vanquished Creatures
  The ghost of furman the Chiller, an average DsIE of Cheibriados (D:4)
  A water moccasin (D:6)
  An ice beast (D:7)
  An orc warrior (D:6)
  A sky beast (D:6)
  2 centaurs
  2 ogres
  4 scorpions
  3 crimson imps
  4 jellies (D:5)
  Crazy Yiuf (D:5)
  A giant frog skeleton (D:5)
  A centaur skeleton (D:4)
  An orc priest (D:7)
  4 orc wizards
  2 hounds (D:5)
  6 worker ants
  A hound skeleton (D:5)
  A hound zombie (D:7)
  A worker ant zombie (D:7)
  14 adders
  3 gnolls (D:6)
  An ooze (D:6)
  An adder zombie (D:6)
  An adder skeleton (D:4)
  A worm (D:4)
  4 giant geckos
  15 orcs
  5 hobgoblins
  11 jackals
  9 kobolds
  3 quokkas
  7 bats
  3 giant cockroaches
  5 giant newts
  9 goblins
  8 rats
139 creatures vanquished.

Notes
Turn   | Place    | Note
--------------------------------------------------------------
     0 | D:1      | mrath the Troll Earth Elementalist began the quest for the Orb.
     0 | D:1      | Reached XP level 1. HP: 16/16 MP: 1/1
   176 | D:1      | Reached skill level 3 in Earth Magic
   207 | D:1      | Reached XP level 2. HP: 24/24 MP: 3/3
   348 | D:1      | Learned a level 2 spell: Stoneskin
  1165 | D:2      | Reached XP level 3. HP: 28/31 MP: 4/4
  2005 | D:2      | Learned a level 3 spell: Stone Arrow
  2194 | D:3      | Reached XP level 4. HP: 39/39 MP: 2/6
  3083 | D:4      | Reached skill level 1 in Unarmed Combat
  3095 | D:4      | Reached XP level 5. HP: 39/46 MP: 4/7
  3198 | D:4      | Reached skill level 1 in Fighting
  3222 | D:4      | Reached skill level 1 in Shields
  3357 | D:4      | Noticed furman's ghost (average DsIE)
  3367 | D:4      | Reached skill level 1 in Conjurations
  3367 | D:4      | Reached XP level 6. HP: 51/55 MP: 7/9
  3378 | D:4      | Killed furman's ghost
  3516 | D:4      | You fall through a shaft for 2 floors!
  3528 | D:6      | Noticed Grinder
  3572 | D:6      | Found an ancient bone altar of Kikubaaqudgha.
  3604 | D:6      | Got a transparent rapier
  3605 | D:6      | Identified the +8 rapier "Hoschuuth" {venom, rPois rF+ Int-5} (You found it on level 6 of the Dungeon)
  3706 | D:6      | Reached skill level 1 in Transmutations
  3713 | D:6      | HP: 1/55 [sky beast (6)]
  3715 | D:6      | Reached XP level 7. HP: 2/63 MP: 10/10
  3719 | D:6      | HP: 3/63 [orc/trident (2)]
  4061 | D:6      | Reached skill level 4 in Earth Magic
  4237 | D:6      | Noticed a water moccasin
  4263 | D:6      | Found Cotrick's Assorted Antiques.
  4279 | D:5      | Entered Level 5 of the Dungeon
  4286 | D:5      | Noticed karlkraus's ghost (experienced MiFi)
  4305 | D:5      | Noticed Sigmund
  4552 | D:4      | Noticed an ogre
  4560 | D:4      | Killed an ogre
  4776 | D:4      | Reached XP level 8. HP: 57/72 MP: 9/12
  4893 | D:4      | Found Icoeg's Distillery.
  5303 | D:5      | Noticed Crazy Yiuf
  5311 | D:5      | Paralysed by Crazy Yiuf for 6 turns
  5317 | D:5      | Killed Crazy Yiuf
  5935 | D:5      | HP: 1/74 [karlkraus's ghost (17)]
  6517 | D:6      | Bought a scroll of identify for 60 gold pieces
  6741 | D:6      | Found a staircase to the Ecumenical Temple.
  6752 | Temple   | Entered the Ecumenical Temple
  6795 | Temple   | Became a worshipper of Vehumet
  6818 | Temple   | Learned a level 3 spell: Spider Form
  7074 | D:6      | Killed a water moccasin
  7719 | D:7      | Found a burning altar of Makhleb.
  8156 | D:7      | Reached XP level 9. HP: 25/80 MP: 11/14
  8416 | D:7      | Slain by an orc warrior

Vault maps used:
D:1:      ncdulo_lavacross
D:3:      kennysheep_generic_room_2
D:4:      serial_shops, nicolae_shop_trees, first_bread,
          kennysheep_generic_room_5
D:5:      st_stairs_5, uniq_sigmund, uniq_crazy_yiuf_cottage
D:6:      old_standard_altar, minmay_temple_entry_overgrown,
          nicolae_ossuary_entry_ruins, serial_shops, shop, dk_vineyard_1,
          uniq_grinder
D:7:      basic_altar
Temple:   grunt_circular_temple_18

Action                   |  1- 3 |  4- 6 |  7- 9 || total
-------------------------+-------+-------+-------++-------
Melee: Unarmed           |   129 |   108 |    41 ||   278
       Rapier            |       |    22 |   118 ||   140
       Flail             |       |       |    85 ||    85
       Quarterstaff      |       |       |    74 ||    74
       Giant spiked club |       |       |     4 ||     4
Throw: Stone             |       |     1 |       ||     1
 Cast: Sandblast         |    19 |    26 |    25 ||    70
       Stone Arrow       |       |     1 |     9 ||    10
       Stoneskin         |       |     2 |     9 ||    11
       Spider Form       |       |       |     2 ||     2
  Use: Scroll            |     2 |     2 |    14 ||    18
       Potion            |       |       |     1 ||     1
 Stab: Sleeping          |       |       |     2 ||     2
       Paralysed         |       |       |     4 ||     4
       Distracted        |       |       |     1 ||     1
  Eat: Chunk             |    16 |    16 |    36 ||    68
       Beef jerky        |     1 |       |       ||     1
       Bread ration      |       |       |     2 ||     2
       Meat ration       |       |       |     1 ||     1
       Royal jelly       |       |       |     1 ||     1
